 Dungeon Crawl Stone Soup version 0.30-a0-330-g8f2769a82d (webtiles) character file.

Game seed: 17210465782666410142

67 PentaManta the Ruffian (level 4, -1/38 HPs)
             Began as a Ghoul Monk on Oct 29, 2022.
             Slain by a gnoll bouda
             ... wielding a +0 club
              (6 damage)
             ... on level 2 of the Dungeon.
             The game lasted 00:07:24 (1684 turns).

PentaManta the Ruffian (Ghoul Monk)                 Turns: 1684, Time: 00:07:24

Health: -1/38      AC:  3    Str: 14    XL:     4   Next: 18%
Magic:  3/3        EV: 12    Int:  7    God:
Gold:   132        SH:  0    Dex: 11    Spells: 3/3 levels left

rFire   . . .      SeeInvis .      - Unarmed
rCold   + . .      Faith    .    (no shield)
rNeg    + + +      Spirit   .    h - +0 leather armour
rPois   ∞          Reflect  .    (no helmet)
rElec   .          Harm     .    (no cloak)
rCorr   .          Rampage  .    (no gloves)
Will    .....                    (no boots)
Stlth   ++........               (no amulet)
HPRegen 0.00/turn                (no ring)
MPRegen 0.08/turn                (no ring)

@: weakened, inhibited regen
A: claws 1, cold resistance 1, negative energy resistance 3, inhibited
regeneration, torment resistance 2, devour on kill
a: no special abilities


You were on level 2 of the Dungeon.
You visited 1 branch of the dungeon, and saw 3 of its levels.

You collected 132 gold pieces.

Inventory:

Hand Weapons
 g - a +0 sling
 m - a +0 dagger of venom
Missiles
 d - 15 stones (quivered)
 k - 5 boomerangs
Armour
 a - a +0 robe
 h - a +0 leather armour (worn)
 q - a +0 pair of gloves
Jewellery
 p - a ring of wizardry
Scrolls
 e - a scroll of silence {unknown}
 i - a scroll of noise {unknown}
 j - 2 scrolls of vulnerability {unknown}
 l - 2 scrolls of identify {unknown}
 n - 2 scrolls of teleportation {unknown}
 o - a scroll of enchant armour {unknown}
Potions
 b - 2 potions of ambrosia
 c - 2 potions of haste {unknown}
 f - 2 potions of lignification {unknown}


   Skills:
 - Level 3.2 Fighting
 - Level 2.6 Dodging
 - Level 2.1 Stealth
 + Level 5.4 Unarmed Combat


You had 3 spell levels left.
You didn't know any spells.
Your spell library contained the following spells:

 Spells                   Type           Power      Damage    Failure   Level
 Sting                    Tmut/Pois      0%         1d3       52%         1
 Poisonous Vapours        Pois/Air       0%         N/A       65%         2
 Olgreb's Toxic Radiance  Pois           0%         N/A       99%         4


Dungeon Overview and Level Annotations

Branches:
Dungeon (3/15)

Altars:
Qazlal

Shops:
D:1 [


Innate Abilities, Weirdness & Mutations

You are immune to poison.
You have sharp fingernails.
Your flesh is cold resistant. (rC+)
You are immune to negative energy. (rN+++)
You do not regenerate when monsters are visible.
You are immune to unholy pain and torment.
You thrive by killing the living.


Message History

The gnoll bouda closely misses you.
You scratch the gnoll bouda but do no damage.
The gnoll bouda is moderately wounded.
The gnoll bouda hits you with a +0 club!
You barely miss the gnoll bouda.
The gnoll bouda is moderately wounded.
The gnoll bouda gazes fiercely through you!
You feel your attacks grow feeble. The gnoll bouda barely misses you.
You scratch the gnoll bouda but do no damage.
The gnoll bouda is moderately wounded.
The gnoll bouda hits you with a +0 club.
* * * LOW HITPOINT WARNING * * *
Okay, then.
You barely miss the gnoll bouda.
The gnoll bouda is moderately wounded.
The gnoll bouda barely misses you.
You scratch the gnoll bouda but do no damage.
The gnoll bouda is moderately wounded.
You barely miss the gnoll bouda.
The gnoll bouda is moderately wounded.
The gnoll bouda hits you with a +0 club!
* * * LOW HITPOINT WARNING * * *
Unknown command.
You are confused.
You feel invigorated. The gnoll bouda closely misses you.
You feel less invigorated.
You feel less confused.
The gnoll bouda hits you with a +0 club!
* * * LOW HITPOINT WARNING * * *
The gnoll bouda gazes fiercely through you!
You feel as though you will be weak longer.
You closely miss the gnoll bouda. You claw the gnoll bouda.
The gnoll bouda is moderately wounded.
The gnoll bouda hits you with a +0 club.
* * * LOW HITPOINT WARNING * * *
You scratch the gnoll bouda.
The gnoll bouda is heavily wounded.
The gnoll bouda hits you with a +0 club.
You die...

##.# ####.#### #.# #.# #.#
#.# #.# ####### #.## #.##
#.....# #..# #.<###.....#
##.# ###.#.##.....# #.#
#..###.#.....# #.# #.##
##..@g..# ###.#
#..###.####### #...#
#.#.#.## #.### #÷##.## #.#
####.##.# #.# #.......#
##########.#
#####.##.##.#####..........#
...##.##.............#######
...##.##.##.##....##.#


You could see a gnoll bouda.

Vanquished Creatures
  An adder (D:2)
  A worm (D:2)
  A dart slug (D:2)
  A bat (D:3)
  6 endoplasms
  2 giant cockroaches (D:1)
  6 hobgoblins
  5 jackals (D:1)
  4 quokkas
  3 ball pythons
  A frilled lizard (D:1)
  6 goblins
  4 kobolds
  6 rats
47 creatures vanquished.

Vanquished Creatures (others)
  14 plants (D:3)
14 creatures vanquished.

Grand Total: 61 creatures vanquished

Notes
Turn   | Place    | Note
-------+----------+-------------------------------------------
     0 | D:1      | PentaManta the Ghoul Monk began the quest for the Orb.
     0 | D:1      | Reached XP level 1. HP: 19/19 MP: 0/0
    60 | D:1      | Found Cenu's Antique Armour Emporium.
   111 | D:1      | Reached XP level 2. HP: 26/26 MP: 1/1
   122 | D:1      | Reached skill level 4 in Unarmed Combat
   425 | D:1      | Reached XP level 3. HP: 31/31 MP: 2/2
   935 | D:2      | Reached skill level 5 in Unarmed Combat
  1141 | D:2      | Reached XP level 4. HP: 38/38 MP: 3/3
  1637 | D:3      | Found a stormy altar of Qazlal.
  1677 | D:2      | HP: 1/38 [gnoll bouda/+0 club (10)]
  1684 | D:2      | Slain by a gnoll bouda

Illustrated notes

Levels and vault maps discovered:
D:1:      psy_arrival_conway, layout_basic, serial_shops,
          nicolae_shop_temple_entry_statues_fountains, minmay_heptomino_d4
D:2:      cheibrodos_helix_gallery, layout_loops_cross
D:3:      layout_rooms, mainiacjoe_overflow_chevrons, grunt_qazlal_clouds,
          serial_forest, infiniplex_forest_split, infiniplex_forest_side_room,
          infiniplex_forest_clump_large, infiniplex_forest_straight_3,
          infiniplex_forest_zigzag_1, infiniplex_forest_lined_1,
          infiniplex_forest_lined_2, infiniplex_forest_lined_3_way,
          nicolae_grassy_gnolls, uniq_crazy_yiuf_cottage, uniq_natasha

Skill      XL: |  1  2  3 |
---------------+----------+-----
Unarmed Combat | 4 5 |  5.4
Fighting       | |  3.2
Dodging        | |  2.6
Stealth        | |  2.1

Action                   |  1- 3 |  4- 6 || total
-------------------------+-------+-------++-------
Melee: Unarmed           |   127 |    33 ||   160
       Punch             |     1 |     1 ||     2
Throw: Stone             |     3 |       ||     3
  Use: Potion            |       |     1 ||     1
Armor: Robe              |     9 |       ||     9
       Leather armour    |    12 |     1 ||    13
Dodge: Dodged            |    69 |    21 ||    90

Table legend: (Time is in decaauts)
 A = Elapsed time spent in this place.
 B = Non-inter-level travel time spent in this place.
 C = Inter-level travel time spent in this place.
 D = Time resting spent in this place.
 E = Time spent auto-exploring this place.
 F = Levels seen in this place.
 G = Mean time per level.
                   A        B        C        D        E       F      G
               +--------+--------+--------+--------+--------+-----+--------+
         Total |   1674 |   1580 |     94 |     29 |    946 |   3 |  558.0 |
       Dungeon |   1674 |   1580 |     94 |     29 |    946 |   3 |  558.0 |
               +--------+--------+--------+--------+--------+-----+--------+

Top non-repeatable levels by time:
     D:1: 832 daAuts
     D:2: 797 daAuts
     D:3: 44 daAuts
